 Dungeon Crawl Stone Soup version 0.31-a0-1204-ge2c1a860ed (webtiles) character file.

Game seed: 9094831601275798897

265 hikkokomori the Digger (level 6, 0/37 HPs)
             Began as a Gargoyle Earth Elementalist on Dec 12, 2023.
             Slain by an orc wizard
             ... wielding a +3 dagger of protection
              (3 damage)
             ... on level 3 of the Dungeon.
             The game lasted 00:02:52 (1875 turns).

hikkokomori the Digger (GrEE)                       Turns: 1875, Time: 00:02:53

Health: 0/37       AC:  7    Str: 12    XL:     6   Next: 20%
Magic:  1/10       EV: 11    Int: 17    God:
Gold:   202        SH:  0    Dex: 10    Spells: 10/11 levels left

rFire   . . .        f - +4 dagger
rCold   . . .        (no shield)
rNeg    + . .        a - +0 robe
rPois   ∞            (no helmet)
rElec   +            (no cloak)
rCorr   .            c - +0 pair of gloves
SInv    .            (no boots)
Will    .....        (no amulet)
Stlth   ++           (no ring)
HPRegen 0.26/turn    (no ring)
MPRegen 0.12/turn

%: no passive effects
@: no status effects
A: sickness immunity, AC +4, negative energy resistance 1, electricity
resistance, torment resistance 1, petrification resistance
a: no special abilities


You were on level 3 of the Dungeon.
You visited 1 branch of the dungeon, and saw 3 of its levels.

You collected 202 gold pieces.

Inventory:

Hand Weapons
 f - a +4 dagger (weapon)
 j - a +0 scythe
Armour
 a - a +0 robe (worn)
 c - a +0 pair of gloves (worn)
Scrolls
 d - a scroll of identify {unknown}
 e - a scroll of teleportation {unknown}
 g - a scroll of amnesia {unknown}
 i - a scroll of blinking {unknown}
 k - a scroll of revelation {unknown}
 m - a scroll of fog {unknown}
 o - a scroll of enchant armour {unknown}
Potions
 b - 2 potions of magic
 h - a potion of curing {unknown}
 l - a potion of attraction {unknown}
 n - a potion of berserk rage {unknown}
 p - a potion of mutation {unknown}


   Skills:
 + Level 3.0 Fighting
 - Level 1.5 Dodging
 + Level 4.1 Stealth
 + Level 3.3 Spellcasting
 - Level 0.7 Transmutations
 + Level 5.1 Earth Magic


You had 10 spell levels left.
You knew the following spells:

 Your Spells              Type           Power      Damage    Failure   Level
a - Sandblast             Erth           40%        2d10      1%          1

Your spell library contained the following spells:

 Spells                   Type           Power      Damage    Failure   Level
 Passwall                 Tmut/Erth      10%        N/A       8%          2
 Stone Arrow              Conj/Erth      22%        3d8       19%         3
 Petrify                  Tmut/Erth      12%        N/A       45%         4
 Brom's Barrelling Bould  Conj/Erth      11%        2d3       52%         4


Dungeon Overview and Level Annotations

Branches:
Dungeon (3/15)

Altars:

Shops:
D:1 (   D:2 (


Innate Abilities, Weirdness & Mutations

You are immune to sickness and miasma.
Your stone body is resilient. (AC +4)
You are immune to poison.
You resist negative energy. (rN+)
You are resistant to electric shocks. (rElec)
You are resistant to unholy torment.
You are immune to petrification.


Message History

Something hits you. x2
Unknown command.
Casting: Sandblast (safe; 1% risk of failure)
Confirm with . or Enter, or press ? or * to list all spells.
Aiming: Sandblast (safe; 1% risk of failure)
Press: ? - help, Shift-Dir - straight line The blast of sand hits something but does no damage.
Something hits you.
Unknown command.
Unknown command.
You hit something but do no damage. Something hits you.
* * * LOW HITPOINT WARNING * * *
You barely miss something. Something hits you.
* * * LOW HITPOINT WARNING * * *
Casting: Sandblast (safe; 1% risk of failure)
Confirm with . or Enter, or press ? or * to list all spells.
Aiming: Sandblast (safe; 1% risk of failure)
Press: ? - help, Shift-Dir - straight line The blast of sand hits something but does no damage.
Something hits you.
* * * LOW HITPOINT WARNING * * *
Something hits you.
* * * LOW HITPOINT WARNING * * *
Unknown command.
Casting: Sandblast (safe; 1% risk of failure)
Confirm with . or Enter, or press ? or * to list all spells.
Aiming: Sandblast (safe; 1% risk of failure)
Press: ? - help, Shift-Dir - straight line The blast of sand hits something but does no damage.
Something hits you.
* * * LOW HITPOINT WARNING * * *
Unknown command.
Unknown command.
Casting: Sandblast (safe; 1% risk of failure)
Confirm with . or Enter, or press ? or * to list all spells.
Aiming: Sandblast (safe; 1% risk of failure)
Press: ? - help, Shift-Dir - straight line The blast of sand hits something but does no damage.
Something hits you.
You die...

>..###.#.#.###.#...........#
..............#######.####..#
.#####.#.#.####$_$##.........
.# #.....###$8$8.#.#####.#.
.# #####...#$$...#.....# .##
#...#$8.8$#.....# ### ..#
#...##.).##.....#.... . ..#
#...# #'##..........## .
..#### #...# #@#.......#.#..
. .....### #...#
#.........#.#.# #
####...###...#
###.......#.#.# # ###..##...#
#.####........# # ##.##...#
#.####........#### #.##...#
#................. #.##...#
#.####.......#####
#......###.## ######.## #
#####.......# #.# #


There were no monsters in sight!

Vanquished Creatures
  Sigmund (D:2)
  An orc priest (D:3)
  An adder (D:3)
  A worm (D:2)
  2 dart slugs (D:2)
  An orc (D:3)
  5 ball pythons
  8 endoplasms
  A giant cockroach (D:2)
  5 goblins
  8 hobgoblins
  4 quokkas
  2 bats
  4 frilled lizards
  6 kobolds
  3 rats
53 creatures vanquished.

Notes
Turn   | Place    | Note
-------+----------+-------------------------------------------
     0 | D:1      | hikkokomori the Gargoyle Earth Elementalist began the quest
                  | for the Orb.
     0 | D:1      | Reached XP level 1. HP: 10/10 MP: 3/3
   114 | D:1      | Reached XP level 2. HP: 16/16 MP: 0/5
   248 | D:1      | Reached skill level 1 in Fighting
   325 | D:1      | Found Woagool's Weapon Emporium.
   501 | D:1      | Reached skill level 4 in Earth Magic
   502 | D:1      | Reached XP level 3. HP: 20/20 MP: 3/6
  1033 | D:2      | Noticed Sigmund
  1045 | D:2      | Killed Sigmund
  1046 | D:2      | Reached XP level 4. HP: 27/27 MP: 1/8
  1046 | D:2      | Reached XP level 5. HP: 31/31 MP: 1/9
  1122 | D:2      | You fall into a shaft and drop 1 floor!
  1506 | D:2      | Reached skill level 5 in Earth Magic
  1555 | D:2      | Found Peexij's Antique Weapon Emporium.
  1734 | D:3      | Reached XP level 6. HP: 36/36 MP: 6/10
  1875 | D:3      | Slain by an orc wizard

Illustrated notes

Levels and vault maps discovered:
D:1:      dpeg_arrival_simpleton_a, layout_rooms, serial_shops, shop,
          kennysheep_boxes
D:2:      layout_loops_ring, serial_shops, nicolae_diamond_shop,
          hangedman_decor_points, uniq_sigmund
D:3:      layout_basic, grunt_decor_arrowhead, dk_noncrumbling_3,
          kennysheep_orc_chapel

Skill      XL: |  1  2  3  4  5  6 |
---------------+-------------------+-----
Fighting       | 1 2 3 |  3.0
Earth Magic    | 4 5 |  5.1
Stealth        | 3 4 |  4.1
Spellcasting   | 3 |  3.3
Dodging        | |  1.5
Transmutations | |  0.7

Action                     |  1- 3 |  4- 6 || total
---------------------------+-------+-------++-------
  Melee: Unarmed           |     1 |       ||     1
         Punch             |     1 |       ||     1
         Dagger            |     6 |    11 ||    17
   Cast: Sandblast         |    45 |    32 ||    77
   Stab: Sleeping          |     1 |       ||     1
 Armour: Robe              |    15 |    27 ||    42
  Dodge: Dodged            |    14 |    12 ||    26

Table legend: (Time is in decaauts)
 A = Elapsed time spent in this place.
 B = Non-inter-level travel time spent in this place.
 C = Inter-level travel time spent in this place.
 D = Time resting spent in this place.
 E = Time spent auto-exploring this place.
 F = Levels seen in this place.
 G = Mean time per level.
                   A        B        C        D        E       F      G
               +--------+--------+--------+--------+--------+-----+--------+
         Total |   1910 |   1885 |     25 |      0 |   1522 |   3 |  636.7 |
       Dungeon |   1910 |   1885 |     25 |      0 |   1522 |   3 |  636.7 |
               +--------+--------+--------+--------+--------+-----+--------+

Top non-repeatable levels by time:
     D:1: 824 daAuts
     D:2: 778 daAuts
     D:3: 308 daAuts
